 Dungeon Crawl Stone Soup version 0.27.1-1-g398f81649c (webtiles) character file.

Game seed: 8703377519455422803

123998 Metae the Warrior (level 16, -1/226 HPs)
             Began as a Minotaur Fighter on Sept 12, 2021.
             Was a High Priest of Okawaru.
             Slain by a manticore (7 damage)
             ... on level 4 of the Shoals on Sept 13, 2021.
             The game lasted 02:23:57 (32556 turns).

Metae the Warrior (Minotaur Fighter)               Turns: 32556, Time: 02:24:14

Health: -1/226     AC: 28    Str: 35    XL:     16   Next: 38%
Magic:  22/22      EV:  2    Int:  5    God:    Okawaru [*****.]
Gold:   1648       SH: 11    Dex:  9    Spells: 15/15 levels left

rFire    . . .     SeeInvis .   a - +6 demon trident (venom)
rCold    . . .     Faith    .   k - +3 warlock's mirror {reflect}
rNeg     + + +     Spirit   .   (armour currently unavailable)
rPois    +         Reflect  +   (helmet currently unavailable)
rElec    .         Harm     .   (cloak currently unavailable)
rCorr    .         Rampage  .   (gloves currently unavailable)
Will     +....     NoTele   +   (boots currently unavailable)
Stlth    +++.......             (no amulet)
HPRegen  0.47/turn              x - ring of flight
MPRegen  0.18/turn              j - +6 ring of strength

@: brilliant, tree-form, heroic, engulfed, mesmerised, studying Unarmed Combat,
very slow
A: stationary, stasis, torment immunity, boosted hp, (horns 2), (retaliatory
headbutt)
a: Renounce Religion, Heroism, Finesse


You were on level 4 of the Shoals.
You worshipped Okawaru.
Okawaru was extremely pleased with you.
You were a tree.
You visited 5 branches of the dungeon, and saw 24 of its levels.
You visited the Abyss 1 time.

You collected 2417 gold pieces.
You spent 769 gold pieces at shops.

Inventory:

Hand Weapons
 a - a +6 demon trident of venom (weapon)
 b - a +1 fustibalus of flaming
 u - a +3 eveningstar of draining
 G - the +4 spear "Ytrioqer" {pain, rN+ MP+9 Int+3}
   (You found it on level 7 of the Dungeon)

   In the hands of one skilled in necromantic magic, it inflicts extra damage on
   living creatures.
   Int:       It affects your intelligence (+3).
   rN:        It protects you from negative energy.
   MP:        It affects your magic capacity (+9).
Missiles
 t - 300 sling bullets
 B - 7 silver boomerangs (quivered)
Armour
 k - the +3 warlock's mirror (worn) {reflect}
   (Okawaru gifted it to you on level 1 of the Abyss)

   It can block and reflect piercing ranged attacks and magical attacks against
   the wielder's willpower.
 C - +0 steam dragon scales
 I - the +1 pair of gloves of Narcissism (melded) {-Tele rN+ Int-2 Dex+9}
   (Okawaru gifted it to you on level 8 of the Dungeon)

   Int:       It affects your intelligence (-2).
   Dex:       It affects your dexterity (+9).
   rN:        It protects you from negative energy.
   -Tele:     It prevents most forms of teleportation.
 R - a +2 pair of boots of rampaging (melded)
 T - the +0 kite shield "Buefal" {-Tele MP+9 Dex+4 Slay+3}
   (Okawaru gifted it to you on level 2 of the Lair of Beasts)

   Dex:       It affects your dexterity (+4).
   Slay:      It affects your accuracy & damage with ranged weapons and melee
   (+3).
   MP:        It affects your magic capacity (+9).
   -Tele:     It prevents most forms of teleportation.
 X - +0 acid dragon scales
 Y - the +14 crystal plate armour of the Boiling Point (melded) {rPois Dex+2 SInv}
   (Okawaru gifted it to you on level 4 of the Lair of Beasts)

   Dex:       It affects your dexterity (+2).
   rPois:     It protects you from poison.
   SInv:      It lets you see invisible.
Jewellery
 d - a +6 ring of dexterity
 i - a ring of see invisible
 j - a +6 ring of strength (right branch)
 s - the ring of the Mage {Wiz Will++ Int+3}
   (You found it on level 5 of the Lair of Beasts)

   [ring of wizardry]

   It improves your spell success rate.
   Int:       It affects your intelligence (+3).
   Will:      It greatly increases your willpower.
 w - a +4 ring of slaying
 x - a ring of flight (left branch)
 y - a ring of resist corrosion
 P - a ring of ice
 V - a ring of protection from fire
 Z - a +4 ring of protection
Wands
 f - a wand of polymorph (11)
 q - a wand of paralysis (7)
 A - a wand of flame (62)
 D - a wand of acid (16)
 J - a wand of iceblast (14)
 O - a wand of charming (10)
 Q - a wand of digging (13)
Scrolls
 g - a scroll of fear
 h - 9 scrolls of teleportation
 m - 2 scrolls of brand weapon
 o - a scroll of fog
 r - a scroll of magic mapping
 H - a scroll of summoning
 N - 2 scrolls of amnesia
 U - 3 scrolls of blinking
Potions
 e - 2 potions of brilliance
 l - 3 potions of magic
 n - 3 potions of invisibility
 p - 2 potions of curing
 v - a potion of berserk rage
 L - 3 potions of haste
 M - 4 potions of flight
Miscellaneous
 K - a lightning rod (2/4)
 S - a piece from Xom's chessboard (13/15)


   Skills:
 + Level 16.3(21.3) Fighting
 - Level 14.3(19.3) Polearms
 + Level 3.4(10.9) Slings
 - Level 6.8(12.1) Throwing
 - Level 15.8(20.8) Armour
 - Level 14.7(19.7) Shields
 + Level 9.9 Invocations
 + Level 8.3 Evocations


You had 15 spell levels left.
You didn't know any spells.
Your spell library contained the following spells:

 Spells                   Type           Power      Damage    Failure   Level
 Magic Dart               Conj           0%         1d3       47%         1
 Sandblast                Erth           0%         2d4       47%         1
 Sting                    Tmut/Pois      0%         1d3       47%         1
 Blink                    Tloc           N/A        N/A       63%         2
 Call Imp                 Summ           0%         N/A       63%         2
 Ensorcelled Hibernation  Hex/Ice        0%         N/A       63%         2
 Passwall                 Tmut/Erth      0%         N/A       63%         2
 Poisonous Vapours        Pois/Air       0%         N/A       63%         2
 Searing Ray              Conj           0%         3d3       63%         2
 Mephitic Cloud           Conj/Pois/Air  0%         N/A       85%         3
 Spider Form              Tmut/Pois      0%         N/A       85%         3
 Stone Arrow              Conj/Erth      0%         3d7       85%         3
 Tukima's Dance           Hex            0%         N/A       85%         3
 Fulminant Prism          Conj/Hex       0%         3d6       99%         4
 Leda's Liquefaction      Hex/Erth       0%         N/A       99%         4
 Olgreb's Toxic Radiance  Pois           0%         N/A       99%         4
 Passage of Golubria      Tloc           N/A        N/A       99%         4
 Bolt of Magma            Conj/Fire/Erth 0%         4d4       100%        5
 Excruciating Wounds      Necr           0%         N/A       100%        5
 Fireball                 Conj/Fire      0%         3d3       100%        5
 Lee's Rapid Deconstruct  Erth           0%         3d5*      100%        5
 Manifold Assault         Tloc           0%         N/A       100%        5
 Summon Forest            Summ/Tloc      0%         N/A       100%        5
 Summon Mana Viper        Hex/Summ       0%         N/A       100%        5
 Yara's Violent Unravell  Hex/Tmut       0%         3d3       100%        5
 Shadow Creatures         Summ           N/A        N/A       100%        6
 Starburst                Conj/Fire      0%         6d3       100%        6
 Statue Form              Tmut/Erth      0%         N/A       100%        6
 Storm Form               Tmut/Air       0%         N/A       100%        7
 Ignition                 Fire           0%         3d3       100%        8
 Death's Door             Necr           0%         N/A       100%        9
 Shatter                  Erth           0%         3d5*      100%        9


Dungeon Overview and Level Annotations

Branches:
Dungeon (11/15)            Temple (1/1) D:5            Lair (6/6) D:8
 Shoals (4/4) Lair:4        Snake (0/4) Lair:3        Slime (0/5) Lair:5
    Orc (2/2) D:11            Elf (0/3) Orc:2

Altars:
Ashenzari
Cheibriados
Dithmenos
Elyvilon
Fedhas
Gozag
Hepliaklqana
Kikubaaqudgha
Makhleb
Nemelex Xobeh
Okawaru
Qazlal
Ru
Sif Muna
Trog
Uskayaw
Vehumet
Wu Jian
Xom
Yredelemnul
Zin
The Shining One
Lugonu

Shops:
D:6 !   D:7 **   D:8 *   D:9 ?   Orc:2 ::(**

Portals:
Abyss: D:11 Lair:6

Annotations:
D:7 Manslay's ghost, novice DsCj; Nanban's ghost, novice OpDe
D:11 2 transporters, zurenarrh's ghost, novice MiFi
Shoals:1 Roxanne
Shoals:4 Bai Suzhen; Ilsuiw


Innate Abilities, Weirdness & Mutations

You are a tree.
Your roots penetrate the ground, keeping you stationary.
You cannot be teleported.
You are immune to unholy pain and torment.
Your maximum health is greatly increased.
Your equipment is partially melded.
((You have a pair of horns on your head.))
((You reflexively headbutt those who attack you in melee.))


Message History

* * * LOW HITPOINT WARNING * * *
x2 You block the alligator snapping turtle's attack.
The water elemental hits you.
* * * LOW HITPOINT WARNING * * *
You are too injured to fight recklessly!
You feel clever all of a sudden.
The merfolk siren chants its luring song.
The merfolk hits you but does no damage.
The merfolk hits you from afar with a +0 trident.
* * * LOW HITPOINT WARNING * * *
The water elemental hits you. Ilsuiw hits you but does no damage.
You block the merfolk javelineer's attack.
The merfolk siren chants its luring song.
The four-headed hydra bites you.
* * * LOW HITPOINT WARNING * * *
The four-headed hydra bites you.
* * * LOW HITPOINT WARNING * * *
The four-headed hydra bites you but does no damage. x2
The water elemental hits you.
* * * LOW HITPOINT WARNING * * *
The merfolk aquamancer gestures wildly while chanting.
The merfolk aquamancer blinks!
The manticore bites you!
* * * LOW HITPOINT WARNING * * *
The manticore claws you but does no damage.
The manticore completely misses you.
The alligator snapping turtle bites you but does no damage.
As you read the scroll of fog, it crumbles to dust.
The scroll dissolves into smoke.
The merfolk siren chants its luring song.
The merfolk hits you but does no damage. x2
The water elemental hits you!
* * * LOW HITPOINT WARNING * * *
Ilsuiw hits you but does no damage.
The merfolk siren chants its luring song.
You block the merfolk javelineer's attack.
You block the four-headed hydra's attack. x3
The four-headed hydra bites you but does no damage.
The merfolk siren chants its luring song.
The manticore bites you!
You die...

.####..≈≈≈......≈≈≈#≈*,,≈≈,,≈*≈≈≈
.,***..P≈≈≈...≈≈≈≈≈##≈*,,,,≈**≈≈≈
,,,,,P≈≈≈≈≈≈≈≈≈≈≈≈≈≈##≈≈≈≈≈**≈≈≈≈
,,,,,≈≈≈≈P≈mm≈≈≈§≈≈≈≈#####**≈≈≈≈≈
,,,,≈≈≈P≈≈≈≈≈P≈≈≈≈≈≈≈≈≈≈≈≈≈≈≈≈≈≈≈
,,,≈≈≈≈≈≈≈≈≈≈≈m≈≈≈≈≈≈.≈≈≈,,≈≈≈≈≈≈
,,,,≈≈,P≈≈≈≈≈≈mmE(≈≈..≈≈≈≈≈≈≈≈≈≈≈
,,,,,,≈≈≈≈≈≈≈≈tEdD≈.#**,,,,,,≈≈,,
,,,,,,,P.≈≈≈≈m≈H♣§m(##...,*,≈≈≈≈,
,,,,,,*P.P≈≈≈≈m§§§.(.(.≈...,≈≈≈≈,
,,,,,,*#..#######≈≈.(.?≈...≈,,≈≈≈
,,,,,,,.,**≈≈≈≈≈##≈≈..≈≈...,≈≈≈≈,
,,,,,,,,**≈,,,,*≈##≈≈≈≈≈≈##*****,
,,,,,,,,*≈,,≈≈,,*≈#≈≈≈≈≈##≈≈≈≈≈**
,,,,,,,,*,,*≈≈≈,,≈#≈≈≈≈##≈*,,,,≈*
,,,,,,,,*,,≈**≈≈,≈#≈≈≈≈#≈*,,≈≈,,≈
,,,,,,,,*,*,≈*≈≈,≈*≈≈≈≈#≈,,≈*≈*,,


You could see Bai Suzhen, Ilsuiw, an alligator snapping turtle, a merfolk
javelineer, a four-headed hydra (summoned), a merfolk aquamancer, 2 merfolk, a
manticore, 2 water elementals and 3 merfolk sirens.

Vanquished Creatures
  Nikola (Shoals:2)
  Jorgrun (Orc:2)
  3 tentacled starspawn (Abyss:1)
  Gastronok (Lair:2)
  A kraken (Shoals:3)
  Frances (Shoals:2)
  Donald (Shoals:3)
  A frost giant (Shoals:1)
  The ghost of YannSP the Severer, a journeyman HOFi of Beogh (Lair:6)
  Azrael (Orc:2)
  A dire elephant (Lair:5)
  A minotaur (Lair:6)
  2 merfolk impalers
  A great orb of eyes (Abyss:1)
  5 hydras
  Fannar (Lair:2)
  A boulder beetle (Lair:3)
  A centaur warrior (D:10)
  A catoblepas (Lair:6)
  A merfolk avatar (Shoals:3)
  3 merfolk aquamancers
  A satyr (Shoals:3)
  Erica (D:8)
  2 two-headed ogres (D:10)
  3 death yaks (D:8)
  5 thrashing horrors
  Urug (D:11)
  5 orc high priests (Orc:2)
  Nergalle (D:10)
  A shadow wraith (Abyss:1)
  A spatial maelstrom (Abyss:1)
  9 sea snakes
  8 orc knights
  The ghost of Domino the Skirmisher, a novice MiBe of Trog (D:6)
  A lindwurm (Lair:5)
  3 harpies (Shoals:3)
  An ugly thing (Lair:6)
  4 orc sorcerers
  9 cyclopes
  A cyclops (shapeshifter) (D:10)
  13 manticores
  20 fauns
  10 elephants (Lair:6)
  3 black mambas
  9 merfolk sirens
  3 smoke demons
  An orange demon (Abyss:1)
  A gargoyle (D:10)
  5 water nymphs
  2 torpor snails
  An unseen horror (D:10)
  6 cane toads
  4 rime drakes
  8 komodo dragons
  7 merfolk
  2 polar bears
  3 trolls
  3 ancient zymes (Lair:6)
  A wind drake (Shoals:2)
  22 blink frogs
  6 raiju (Abyss:1)
  2 dream sheep (Shoals:2)
  6 snapping turtles
  4 water elementals
  A shadow (D:11)
  33 yaks
  A vampire (D:11)
  6 wyverns
  3 fire elementals (Orc:2)
  2 spriggans (Lair:6)
  4 ynoxinuls
  2 basilisks
  Menkaure (D:7)
  3 chaos spawn
  4 neqoxecs (Abyss:1)
  11 small abominations
  A steam dragon (D:10)
  6 wargs
  4 large abominations
  An acid dragon (D:11)
  A hell hound (Orc:2)
  10 water moccasins
  29 orc warriors
  An ice beast (D:6)
  A sky beast (D:8)
  3 necrophages
  10 ogres
  12 wolves
  2 black bears
  A phantom (D:5)
  4 centaurs
  3 kobold brigands
  16 bullfrogs
  7 gnoll sergeants
  3 scorpions
  A wyvern skeleton (D:7)
  2 water moccasin skeletons
  24 killer bees
  7 howler monkeys
  4 wights (D:10)
  2 electric eels (Lair:5)
  5 centaur zombies
  3 jellies
  4 quasits (D:6)
  2 gnoll shamans
  3 hounds
  30 orc priests
  An iron imp (Abyss:1)
  A bullfrog skeleton (D:7)
  A centaur skeleton (D:7)
  5 iguanas
  A scorpion zombie (D:5)
  7 orc wizards
  A hell rat (D:8)
  A killer bee zombie (D:7)
  A howler monkey zombie (D:9)
  35 gnolls
  7 adders
  A river rat (D:8)
  A shadow imp (D:7)
  3 white imps
  4 ufetubi
  A worm (D:2)
  A dart slug (D:4)
  65 orcs
  12 bats
  8 endoplasms
  4 giant cockroaches
  3 goblins
  10 hobgoblins
  9 quokkas
  4 ball pythons
  A frilled lizard (D:1)
  17 kobolds
  3 rats
  A lurking horror (Abyss:1)
712 creatures vanquished.

Vanquished Creatures (others)
  A blink frog (Lair:6)
  A wind drake (Shoals:4)
  A golden eye (shapeshifter) (Lair:6)
  An orc wizard (Orc:1)
  An orc (Orc:1)
  24 fungi
  A lurking horror (Abyss:1)
  29 plants
  10 starspawn tentacles (Abyss:1)
  13 tentacles (Shoals:3)
  10 toadstools (Lair:5)
92 creatures vanquished.

Grand Total: 804 creatures vanquished

Notes
Turn   | Place    | Note
-------+----------+-------------------------------------------
     0 | D:1      | Metae the Minotaur Fighter began the quest for the Orb.
     0 | D:1      | Reached XP level 1. HP: 19/19 MP: 0/0
    47 | D:1      | Found a faded altar of an unknown god.
   132 | D:1      | Reached XP level 2. HP: 27/27 MP: 1/1
   554 | D:1      | Reached skill level 4 in Fighting
   972 | D:1      | Reached XP level 3. HP: 33/33 MP: 2/2
  1235 | D:2      | Reached XP level 4. HP: 21/41 MP: 3/3
  2408 | D:3      | Noticed a scorpion
  2417 | D:3      | Killed a scorpion
  2418 | D:3      | Reached XP level 5. HP: 27/47 MP: 4/4
  2927 | D:4      | Reached skill level 5 in Fighting
  3149 | D:4      | Reached skill level 5 in Armour
  3149 | D:4      | Reached skill level 5 in Shields
  3191 | D:4      | Reached XP level 6. HP: 56/56 MP: 5/5
  3218 | D:4      | Identified the +10 dagger of Prudence {speed, rN+}
  3844 | D:5      | Entered Level 5 of the Dungeon
  4010 | D:5      | Reached skill level 5 in Polearms
  4010 | D:5      | Reached XP level 7. HP: 62/62 MP: 6/6
  4227 | D:5      | Reached skill level 6 in Fighting
  4345 | D:5      | Found an ornate altar of the Wu Jian Council.
  4465 | D:5      | Found a staircase to the Ecumenical Temple.
  4474 | Temple   | Entered the Ecumenical Temple
  4542 | Temple   | Became a worshipper of Warmaster Okawaru
  4848 | D:5      | Found a blossoming altar of Fedhas.
  5139 | D:6      | Found Jyhewecs's Distillery.
  5389 | D:6      | Bought a potion of heal wounds for 70 gold pieces
  5389 | D:6      | Bought a potion of heal wounds for 70 gold pieces
  5492 | D:6      | Reached XP level 8. HP: 64/71 MP: 7/7
  5539 | D:6      | Noticed Domino's ghost (novice MiBe)
  5640 | D:6      | Found a transporter.
  5681 | D:6      | Reached * piety under Okawaru
  5716 | D:6      | Found a transporter.
  5745 | D:6      | Reached skill level 7 in Fighting
  5948 | D:6      | Killed Domino's ghost
  5948 | D:6      | Reached ** piety under Okawaru
  5953 | D:6      | Reached skill level 8 in Fighting
  5955 | D:6      | Reached XP level 9. HP: 58/81 MP: 6/8
  6248 | D:7      | Reached *** piety under Okawaru
  6730 | D:7      | Found Locililo's General Store.
  6735 | D:7      | Identified the +4 spear "Ytrioqer" {pain, rN+ MP+9 Int+3}
  6783 | D:7      | Noticed Menkaure
  6790 | D:7      | Killed Menkaure
  6834 | D:7      | Found a shimmering altar of Xom.
  7002 | D:7      | Found Pacul's General Store.
  7062 | D:7      | Found a runed translucent gate.
  7062 | D:7      | Found a runed translucent gate.
  7063 | D:7      | Found a runed translucent gate.
  7068 | D:7      | Noticed Nanban's ghost (novice OpDe)
  7068 | D:7      | Noticed Manslay's ghost (novice DsCj)
  7658 | D:8      | Found Cyomaj Zoev's General Store.
  7683 | D:8      | Noticed a death yak
  7685 | D:8      | Noticed a death yak
  7685 | D:8      | Noticed a death yak
  7715 | D:8      | Killed a death yak
  7715 | D:8      | Reached **** piety under Okawaru
  7716 | D:8      | Reached skill level 9 in Fighting
  7739 | D:8      | Killed a death yak
  7740 | D:8      | Reached XP level 10. HP: 69/91 MP: 9/9
  7749 | D:8      | Killed a death yak
  8004 | D:8      | Found a staircase to the Lair.
  8056 | D:8      | Found a broken altar of Ashenzari.
  8146 | D:8      | Reached ***** piety under Okawaru
  8164 | D:8      | Reached skill level 10 in Fighting
  8171 | D:8      | Noticed Erica
  8188 | D:8      | Reached skill level 10 in Shields
  8201 | D:8      | Killed Erica
  8202 | D:8      | Reached skill level 10 in Armour
  8218 | D:8      | Reached skill level 10 in Polearms
  8539 | D:8      | Found a radiant altar of Vehumet.
  8696 | D:8      | Identified the +1 pair of gloves of Narcissism {-Tele rN+
                  | Int-2 Dex+9} (Okawaru gifted it to you on level 8 of the
                  | Dungeon)
  8696 | D:8      | Received a gift from Okawaru
  9085 | Lair:1   | Entered Level 1 of the Lair of Beasts
  9094 | Lair:1   | Reached skill level 1 in Evocations
  9120 | Lair:1   | Reached XP level 11. HP: 68/101 MP: 10/10
  9132 | Lair:1   | Reached skill level 1 in Invocations
  9600 | Lair:1   | Reached skill level 11 in Fighting
 11881 | Lair:2   | Noticed Fannar
 11893 | Lair:2   | Killed Fannar
 12439 | Lair:2   | Noticed a seven-headed hydra
 12450 | Lair:2   | Killed a seven-headed hydra
 12450 | Lair:2   | Identified the +0 kite shield "Buefal" {-Tele MP+9 Dex+4
                  | Slay+3} (Okawaru gifted it to you on level 2 of the Lair of
                  | Beasts)
 12450 | Lair:2   | Received a gift from Okawaru
 12570 | Lair:2   | Noticed an eight-headed hydra
 12576 | Lair:2   | Killed an eight-headed hydra
 12980 | Lair:2   | Noticed Gastronok
 13003 | Lair:2   | Killed Gastronok
 13004 | Lair:2   | Reached XP level 12. HP: 72/112 MP: 14/14
 13318 | Lair:3   | Found a staircase to the Snake Pit.
 13567 | Lair:3   | Noticed a boulder beetle
 13589 | Lair:3   | Killed a boulder beetle
 13590 | Lair:3   | Reached skill level 12 in Fighting
 14568 | Lair:4   | Found a staircase to the Shoals.
 14716 | Lair:4   | Reached skill level 5 in Evocations
 14722 | Lair:4   | Reached skill level 5 in Invocations
 14877 | Lair:4   | You fall into a shaft and drop 1 floor!
 15327 | Lair:4   | Identified the +14 crystal plate armour of the Boiling
                  | Point {rPois Dex+2 SInv} (Okawaru gifted it to you on level
                  | 4 of the Lair of Beasts)
 15327 | Lair:4   | Received a gift from Okawaru
 15363 | Lair:4   | Noticed a four-headed hydra
 15371 | Lair:4   | Killed a four-headed hydra
 15945 | Lair:5   | Noticed an eight-headed hydra
 15952 | Lair:5   | Killed an eight-headed hydra
 16041 | Lair:5   | Noticed a dire elephant
 16041 | Lair:5   | Found the ring of the Mage {Wiz Will++ Int+3}
 16063 | Lair:5   | Found a runed translucent door.
 16527 | Lair:5   | Found a staircase to the Slime Pits.
 16628 | Lair:5   | Killed a dire elephant
 16781 | Lair:6   | Entered Level 6 of the Lair of Beasts
 16781 | Lair:6   | Found a runed translucent gate.
 16781 | Lair:6   | Found a runed translucent gate.
 16781 | Lair:6   | Found a runed translucent gate.
 16801 | Lair:6   | Noticed a catoblepas
 16825 | Lair:6   | Killed a catoblepas
 17124 | Lair:6   | Reached skill level 1 in Throwing
 17131 | Lair:6   | Noticed a minotaur
 17131 | Lair:6   | Noticed YannSP's ghost (journeyman HOFi)
 17144 | Lair:6   | Noticed a seven-headed hydra
 17166 | Lair:6   | Killed a seven-headed hydra
 17167 | Lair:6   | Reached XP level 13. HP: 98/119 MP: 16/16
 17272 | Lair:6   | Reached skill level 13 in Fighting
 17501 | Lair:6   | Received a gift from Okawaru
 17791 | Lair:6   | Got Ceng's Collected Works on Supportive Black Rites
 18627 | Lair:6   | Identified 2 scrolls of acquirement
 18628 | Lair:6   | Acquired a +6 bardiche of protection
 18630 | Lair:6   | Acquired a +1 demon trident of venom
 18658 | Lair:6   | Killed YannSP's ghost
 18658 | Lair:6   | Received a gift from Okawaru
 18663 | Lair:6   | Killed a minotaur
 18670 | Lair:6   | Reached ****** piety under Okawaru
 18687 | Lair:6   | Identified the +1 plate armour of Light {Will+}
 18927 | Lair:6   | Found a corrupted altar of Lugonu.
 18927 | Lair:6   | Found a one-way gate to the infinite horrors of the Abyss.
 18936 | Lair:6   | Received a gift from Okawaru
 19242 | D:9      | Found Fiymm's Magic Scroll Boutique.
 19250 | D:9      | Bought 2 scrolls of identify for 52 gold pieces
 19250 | D:9      | Bought a scroll of blinking for 97 gold pieces
 19622 | D:9      | Reached XP level 14. HP: 130/130 MP: 19/19
 19688 | D:9      | Found a snail-covered altar of Cheibriados.
 19815 | D:9      | Found an opulent altar of Gozag.
 19884 | D:10     | Entered Level 10 of the Dungeon
 19981 | D:10     | Found a glowing silver altar of Zin.
 19981 | D:10     | Found a burning altar of Makhleb.
 19982 | D:10     | Noticed an Executioner
 19982 | D:10     | Noticed an angel
 20142 | D:10     | Reached skill level 14 in Fighting
 20145 | D:10     | Reached skill level 5 in Throwing
 20146 | D:10     | Noticed Nergalle
 20159 | D:10     | Killed Nergalle
 20500 | D:10     | Found a white marble altar of Elyvilon.
 20881 | D:11     | Noticed Urug
 20903 | D:11     | Killed Urug
 21075 | D:11     | Found a transporter.
 21117 | D:11     | Noticed zurenarrh's ghost (novice MiFi)
 21239 | D:11     | Found a transporter.
 21266 | D:11     | Cast into level 1 of the Abyss (gnoll sergeant)
 21380 | Abyss:1  | Noticed a tentacled starspawn
 21389 | Abyss:1  | Killed a tentacled starspawn
 21389 | Abyss:1  | Received a gift from Okawaru
 21389 | Abyss:1  | Found the +3 warlock's mirror {reflect}
 21410 | Abyss:1  | Noticed a tentacled starspawn
 21421 | Abyss:1  | Killed a tentacled starspawn
 21766 | Abyss:1  | Noticed a tentacled starspawn
 21783 | Abyss:1  | Killed a tentacled starspawn
 21788 | D:11     | Escaped the Abyss
 21885 | D:11     | Found a staircase to the Orcish Mines.
 22757 | Orc:1    | Entered Level 1 of the Orcish Mines
 22930 | Orc:1    | Paralysed by an orc sorcerer for 6 turns
 22944 | Orc:1    | Paralysed by an orc sorcerer for 6 turns
 24008 | Orc:2    | Entered Level 2 of the Orcish Mines
 24062 | Orc:2    | Found a staircase to the Elven Halls.
 24126 | Orc:2    | Noticed Azrael
 24143 | Orc:2    | Received a gift from Okawaru
 24153 | Orc:2    | Killed Azrael
 24369 | Orc:2    | Found Gywn's Book Emporium.
 24525 | Orc:2    | Paralysed by an orc sorcerer for 4 turns
 24561 | Orc:2    | Noticed Jorgrun
 24580 | Orc:2    | Killed Jorgrun
 24581 | Orc:2    | Reached XP level 15. HP: 92/139 MP: 21/21
 24644 | Orc:2    | Reached skill level 15 in Fighting
 25624 | Orc:2    | Reached skill level 15 in Armour
 25712 | Orc:2    | Found Koklob's Assorted Antiques.
 25712 | Orc:2    | Found Boridgh's Book Shop.
 25713 | Orc:2    | Found Yhunor's Assorted Antiques.
 25713 | Orc:2    | Found Alliss's Antique Weapon Boutique.
 25736 | Orc:2    | Bought 2 scrolls of enchant weapon for 480 gold pieces
 26065 | Shoals:1 | Entered Level 1 of the Shoals
 26240 | Shoals:1 | Noticed a frost giant
 26251 | Shoals:1 | Killed a frost giant
 26663 | Shoals:1 | Identified the +0 chain mail "Curghaigh" {+Inv Dex+5}
 26738 | Shoals:1 | Received a gift from Okawaru
 27090 | Shoals:1 | Noticed Roxanne
 27673 | Shoals:2 | Noticed Frances
 27684 | Shoals:2 | Killed Frances
 27684 | Shoals:2 | Received a gift from Okawaru
 28240 | Shoals:2 | Noticed Nikola
 28250 | Shoals:2 | Killed Nikola
 29264 | Shoals:2 | Received a gift from Okawaru
 29600 | Shoals:3 | Reached XP level 16. HP: 151/151 MP: 22/22
 30036 | Shoals:3 | Noticed Donald
 30039 | Shoals:3 | Reached skill level 1 in Slings
 30057 | Shoals:3 | Killed Donald
 30058 | Shoals:3 | Reached skill level 16 in Fighting
 31001 | Shoals:3 | Noticed a kraken
 31036 | Shoals:3 | Killed a kraken
 32061 | Shoals:4 | Entered Level 4 of the Shoals
 32063 | Shoals:4 | Noticed Ilsuiw
 32070 | Shoals:4 | Noticed Bai Suzhen
 32556 | Shoals:4 | HP: 6/226 [water elemental (10)]
 32556 | Shoals:4 | Slain by a manticore

Illustrated notes

Levels and vault maps discovered:
D:1:      dpeg_arrival_simpleton_a, layout_loops_corners,
          ebering_ecumenical_altar_mist, minmay_tetromino_i4
D:2:      layout_rooms, grunt_decor_resistance
D:3:      layout_basic, minmay_unequal
D:4:      layout_rooms, nicolae_underground_beach
D:5:      layout_cave_pods, kennysheep_mini, fedhas_altar_2,
          lemuel_temple_firewalk_a, dk_noncrumbling_4, minivault_26,
          kennysheep_generic_room_6
D:6:      layout_rooms, serial_shops, nicolae_shop_statue_plus,
          gammafunk_ghost_stat_death, st_stairs_4
D:7:      layout_rooms, kennysheep_little_box, serial_shops, shop_fountains,
          nicolae_shop_crystal, gammafunk_ghost_cemetery, st_stairs_7,
          grunt_ministairs_2, chequers_hall_statues_corner_a,
          kennysheep_generic_room_10, uniq_menkaure
D:8:      layout_cave_pods, evilmike_ruin_ashenzari,
          mainiacjoe_overflow_small_starburst, dpeg_lair_monsters, serial_shops,
          nicolae_shop_behind_doors, uniq_erica
D:9:      layout_basic, chequers_temple_overflow_statue_of_worship,
          serial_shops, nicolae_shop_crystal
D:10:     nzn_winding_woodlands_small [nzn_winding_woodlands_5x15_jagged,
          nzn_winding_woodlands_center_diamonds,
          nzn_winding_woodlands_5x15_longhouse], layout_loops_cross,
          grunt_temple_overflow_order_and_chaos_2, elyvilon_altar_3,
          uniq_nergalle
D:11:     layout_loops_ring, kennysheep_orc_monster_closet_entryway,
          gammafunk_ghost_abyssal_escape, uniq_urug
Temple:   hc_temple_tempest_star
Lair:1:   layout_hall_layers, serial_bayou_shore_a
Lair:2:   layout_layer_cave, grunt_megastairs_3, uniq_gastronok, uniq_fannar
Lair:3:   layout_regular_city, dummy_snake_entry
Lair:4:   layout_regular_city, elwin_shoals_entry_rocks,
          infiniplex_staircase_pool_2, grunt_megastairs_5
Lair:5:   gammafunk_lair_enchanted_lake, layout_long_grid,
          dpeg_slime_entry_corner, serial_bayou_pond_d
Lair:6:   hellmonk_lair_end_abyssal_woods, layout_cave_shapes,
          maelrawn_ghost_gauntlet_escape
Shoals:1: layout_shoals, st_cyclops, uniq_roxanne
Shoals:2: layout_shoals, uniq_nikola, uniq_frances
Shoals:3: layout_shoals, uniq_donald
Shoals:4: shoals_end_hangedman, layout_shoals, shoals_ilsuiw_ice, serial_shops,
          shop, portal_ice_cave_entry_pillars_2, nicolae_shoals_sun_and_surf,
          uniq_bai_suzhen
Orc:1:    layout_caves
Orc:2:    st_orc_pillars, layout_diamond_mine, serial_shops, shop, uniq_jorgrun,
          uniq_azrael

Skill      XL: |  1  2  3  4  5  6  7  8  9 10 11 12 13 14 15 16 |
---------------+-------------------------------------------------+-----
Fighting       | 4 5 6 8 9 10 11 12 13 14 15 16 | 16.3
Shields        | 4 5 6 7 9 10 11 12 13 14 | 14.7
Armour         | 4 5 6 7 9 10 11 12 13 14 15 | 15.8
Polearms       | 3 4 5 6 7 9 10 11 12 13 14 | 14.3
Evocations     | 1 4 5 7 8 |  8.3
Invocations    | 4 6 8 9 |  9.9
Throwing       | 1 4 6 |  6.8
Slings         | 3 |  3.4

Action                   |  1- 3 |  4- 6 |  7- 9 | 10-12 | 13-15 | 16-18 || total
-------------------------+-------+-------+-------+-------+-------+-------++-------
Melee: Trident           |    94 |   152 |   309 |   529 |   236 |       ||  1320
       Headbutt          |     9 |    26 |    76 |   174 |   380 |    42 ||   707
       Demon trident     |       |       |       |       |  1022 |   167 ||  1189
 Fire: Fustibalus        |       |       |       |     7 |       |    16 ||    23
Throw: Throwing net      |       |       |       |       |     1 |       ||     1
       Boomerang         |       |       |       |       |     3 |       ||     3
Invok: Heroism           |       |       |     5 |    11 |    34 |     7 ||    57
       Finesse           |       |       |       |       |     1 |       ||     1
Evoke: Wand              |       |       |     1 |     1 |     1 |     1 ||     4
       Lightning rod     |       |       |       |       |       |     2 ||     2
       Piece from Xom's  |       |       |       |       |       |     2 ||     2
  Use: Scroll            |       |     3 |    10 |     2 |    14 |     7 ||    36
       Potion            |       |       |     4 |     2 |     6 |     7 ||    19
 Stab: Distracted        |       |       |       |       |     1 |       ||     1
       Paralysed         |       |       |       |       |     1 |       ||     1
Armor: Scale mail        |    29 |    50 |    34 |       |       |       ||   113
       Chain mail        |       |       |   158 |   141 |       |       ||   299
       Plate armour      |       |       |       |    56 |       |       ||    56
       Crystal plate arm |       |       |       |   120 |   588 |   157 ||   865
       Skin              |       |       |       |       |       |    12 ||    12
Dodge: Dodged            |    30 |    33 |   135 |   142 |   269 |    55 ||   664
Block: Kite shield       |    45 |    71 |   265 |   317 |   310 |       ||  1008
       Buckler           |       |       |       |       |   340 |   117 ||   457
       Reflection        |       |       |       |       |    61 |    19 ||    80
